 Dungeon Crawl Stone Soup version 0.23.0 (webtiles) character file.

Game seed: 17286897412810717040

240 LucaMisel the Shield-Bearer (level 6, 0/55 HPs)
             Began as a Hill Orc Fighter on Feb 12, 2019.
             Succumbed to a worker ant's poison
             ... on level 4 of the Dungeon.
             The game lasted 00:18:41 (2091 turns).

LucaMisel the Shield-Bearer (Hill Orc Fighter)      Turns: 2091, Time: 00:18:41

Health: 0/55       AC:  7    Str: 21    XL:     6   Next: 8%
Magic:  6/6        EV:  7    Int:  8    God:
Gold:   59         SH: 10    Dex: 10    Spells: 5/5 levels left

rFire    . . .     SeeInvis .   a - +0 war axe
rCold    . . .     Gourm    .   c - +0 shield
rNeg     . . .     Faith    .   b - +0 scale mail
rPois    .         Spirit   .   (no helmet)
rElec    .         Reflect  .   (no cloak)
rCorr    .         Harm     .   (no gloves)
MR       .....                  (no boots)
Stlth    ..........             (no amulet)
HPRegen  0.18/turn              (no ring)
MPRegen  0.10/turn              (no ring)

@: lethally poisoned (0 -> -8), flying
A: no striking features
a: no special abilities


You were on level 4 of the Dungeon.
You were not hungry.

You visited 1 branch of the dungeon, and saw 4 of its levels.

You collected 59 gold pieces.

Inventory:

Hand Weapons
 a - a +0 war axe (weapon)
 h - a +0 hand axe
Missiles
 e - 56 stones (quivered)
 l - 2 tomahawks
 n - 12 arrows
Armour
 b - a +0 scale mail (worn)
 c - a +0 shield (worn)
Wands
 m - a wand of acid (8)
Scrolls
 j - 4 scrolls of identify {unknown}
 k - a scroll of teleportation
 o - a scroll of immolation {unknown}
 q - a scroll of noise {unknown}
Potions
 d - a potion of might
 i - a potion of heal wounds {unknown}
 r - a potion of degeneration {unknown}
Comestibles
 f - 2 rations


   Skills:
 + Level 4.8 Fighting
 + Level 4.9 Axes
 + Level 3.9 Armour
 + Level 0.4 Dodging
 + Level 0.2 Stealth
 + Level 5.0 Shields


You had 5 spell levels left.
You didn't know any spells.
Your spell library was empty.

Dungeon Overview and Level Annotations

Branches:
Dungeon (4/15)
 Temple: D:4-7

Altars:
Dithmenos


Message History

You feel sick. The worker ant bites you.
* * * LOW HITPOINT WARNING * * *
You are more poisoned.
The worker ant poisons you!
You closely miss the worker ant.
The worker ant is heavily wounded.
* * * LOW HITPOINT WARNING * * *
You feel sick.
The worker ant bites you but does no damage.
The worker ant barely misses you.
You closely miss the worker ant.
The worker ant is heavily wounded.
* * * LOW HITPOINT WARNING * * *
You feel sick.
The worker ant bites you but does no damage.
You block the worker ant's attack.
It was a potion of flight.
You feel very buoyant.
You fly up into the air.
You die...

#################
#......Oa@......#
#.###.######.##.#
#.# #.# #.###
#...# ###<# ##.##
# ##...###$#


You could see an ogre and a worker ant.

Vanquished Creatures
  A howler monkey (D:4)
  Jessica (D:2)
  Natasha (thrice) (D:3)
  A howler monkey zombie (D:3)
  A worker ant zombie (D:3)
  3 adders (D:2)
  2 worms
  A dart slug (D:2)
  3 leopard geckos
  An orc (D:2)
  4 giant cockroaches
  3 goblins
  3 hobgoblins
  3 jackals (D:3)
  3 kobolds
  3 quokkas (D:3)
  A bat (D:1)
  2 frilled lizards (D:2)
  2 leopard gecko skeletons (D:3)
  A quokka skeleton (D:3)
  A quokka zombie (D:3)
  6 rats
  A withered plant (D:3)
50 creatures vanquished.

Notes
Turn   | Place    | Note
-------+----------+-------------------------------------------
     0 | D:1      | LucaMisel the Hill Orc Fighter began the quest for the Orb.
     0 | D:1      | Reached XP level 1. HP: 19/19 MP: 1/1
    43 | D:1      | You fall through a shaft!
    76 | D:2      | Reached XP level 2. HP: 15/27 MP: 2/2
   327 | D:2      | Reached XP level 3. HP: 29/33 MP: 3/3
   476 | D:2      | Reached skill level 4 in Shields
   631 | D:2      | Noticed Jessica
   663 | D:2      | Killed Jessica
   663 | D:2      | Reached XP level 4. HP: 15/41 MP: 4/4
  1301 | D:3      | Noticed Natasha
  1307 | D:3      | Killed Natasha
  1307 | D:3      | Reached XP level 5. HP: 46/47 MP: 5/5
  1566 | D:3      | Noticed Natasha
  1575 | D:3      | Killed Natasha
  1709 | D:3      | Found a shadowy altar of Dithmenos.
  1744 | D:3      | Noticed Natasha
  1763 | D:3      | Killed Natasha
  2061 | D:4      | Noticed an ogre
  2063 | D:4      | Reached skill level 5 in Shields
  2063 | D:4      | Reached XP level 6. HP: 53/55 MP: 6/6
  2089 | D:4      | HP: 2/55 [poisoned by a worker ant]
  2091 | D:4      | Succumbed to a worker ant's poison

Skill      XL: |  1  2  3  4  5 |
---------------+----------------+-----
Fighting       | 4 |  4.8
Axes           | 3 4 |  4.9
Shields        | 4 5 |  5.0
Armour         | |  3.9
Dodging        | |  0.4
Stealth        | |  0.2

Action                   |  1- 3 |  4- 6 || total
-------------------------+-------+-------++-------
Melee: War axe           |    87 |   161 ||   248
  Use: Scroll            |     2 |       ||     2
       Potion            |       |     1 ||     1
  Eat: Chunk             |       |     4 ||     4
Armor: Scale mail        |    31 |    42 ||    73
Dodge: Dodged            |    23 |    32 ||    55
Block: Shield            |    42 |    79 ||   121
